 Dungeon Crawl Stone Soup version 0.30.0-29-ga12c61a403 (webtiles) character file.

Game seed: 15783952043674024999

30 Bnni the Digger (level 3, 0/26 HPs)
             Began as a Formicid Earth Elementalist on June 5, 2023.
             Slain by Terence
             ... wielding a +0 flail of protection
              (2 damage)
             ... on level 2 of the Dungeon.
             The game lasted 00:03:11 (1117 turns).

Bnni the Digger (Formicid Earth Elementalist)       Turns: 1117, Time: 00:03:11

Health: 0/26       AC:  3    Str: 12    XL:     3   Next: 35%
Magic:  4/6        EV: 12    Int: 16    God:
Gold:   130        SH:  0    Dex: 14    Spells: 5/6 levels left

rFire   . . .        e - +0 dagger
rCold   . . .        (no shield)
rNeg    . . .        a - +1 robe
rPois   .            (helmet unavailable)
rElec   .            (no cloak)
rCorr   .            (no gloves)
SInv    +            (no boots)
Will    .....        (no amulet)
Stlth   ++           (no ring)
HPRegen 0.24/turn    (no ring)
MPRegen 0.10/turn

%: no passive effects
@: no status effects
A: permanent stasis, dig shafts and tunnels, antennae 3, four strong arms
a: Dig, Shaft Self


You were on level 2 of the Dungeon.
You visited 1 branch of the dungeon, and saw 2 of its levels.

You collected 130 gold pieces.

Inventory:

Hand Weapons
 e - a +0 dagger (weapon)
Armour
 a - a +1 robe (worn)
 j - a +0 leather armour
Scrolls
 f - a scroll of identify
 i - a scroll of enchant armour
Potions
 b - a potion of magic
 g - a potion of cancellation
 h - a potion of resistance {unknown}


   Skills:
 + Level 1.2 Fighting
 - Level 1.7 Dodging
 - Level 2.4 Stealth
 + Level 2.4 Spellcasting
 * Level 2.0 Transmutations
 * Level 4.1 Earth Magic


You had 5 spell levels left.
You knew the following spells:

 Your Spells              Type           Power      Damage    Failure   Level
a - Sandblast             Erth           30%        2d9       3%          1

Your spell library contained the following spells:

 Spells                   Type           Power      Damage    Failure   Level
 Passwall                 Tmut/Erth      9%         N/A       9%          2
 Stone Arrow              Conj/Erth      16%        3d8       26%         3
 Petrify                  Tmut/Erth      11%        N/A       50%         4


Dungeon Overview and Level Annotations

Branches:
Dungeon (2/15)

Altars:

Annotations:
D:2 Terence


Innate Abilities, Weirdness & Mutations

You cannot be hasted, slowed, berserked, paralysed or teleported.
You can dig through walls and to a lower floor.
You have a pair of large antennae on your head. (SInv)
Your four strong arms can wield two-handed weapons with a shield.


Message History

Press: ? - help, Q - select action, (/) - cycle Shift-Dir - straight line, f - Terence
Aim: Terence, wielding a +0 flail of protection and wearing a +0 ring mail (84% to hit)
The blast of sand misses Terence.
Terence hits you with a +0 flail of protection. x2
Aiming: Sandblast (safe; 3% risk of failure)
Press: ? - help, Q - select action, (/) - cycle Shift-Dir - straight line, f/p - Terence
Aim: Terence, wielding a +0 flail of protection and wearing a +0 ring mail (84% to hit)
The blast of sand hits Terence but does no damage.
Terence screams, "I'm going to kill you!"
Terence hits you with a +0 flail of protection!
Unknown command.
Aiming: Sandblast (safe; 3% risk of failure)
Press: ? - help, Q - select action, (/) - cycle Shift-Dir - straight line, f/p - Terence
Aim: Terence, wielding a +0 flail of protection and wearing a +0 ring mail (84% to hit)
The blast of sand hits Terence but does no damage.
Terence hits you with a +0 flail of protection.
* * * LOW HITPOINT WARNING * * *
Terence hits you with a +0 flail of protection.
* * * LOW HITPOINT WARNING * * *
Okay, then.
Press: ? - help, v - describe, . - travel
Here: Terence, wielding a +0 flail of protection and wearing a +0 ring mail The floor, spattered with blood.
As you read the scroll labelled TIYFEUC YFRYSM, it crumbles to dust.
It is a scroll of identify.
g - a potion of cancellation Terence closely misses you.
As you read the scroll labelled QEZXAU ZANAJIV, it crumbles to dust.
The creatures around you are filled with an inner flame!
It was a scroll of immolation.
Terence hits you with a +0 flail of protection.
* * * LOW HITPOINT WARNING * * *
As you read the scroll labelled IBETZO XEVVI, it crumbles to dust.
You feel a strange sense of stasis.
It was a scroll of teleportation.
Terence misses you.
As you read the scroll labelled CUODAE XIZITH, it crumbles to dust.
It is a scroll of enchant armour.
Your +0 robe glows green for a moment.
Terence hits you with a +0 flail of protection.
You die...

#### # ##### ...
... #...###)#...#
#....@@J....#
#...###.#.....
####.### .# ##.
#......# .#
#.##.#.# ..
#.##.#.# ######
#....# # ##...##
#..### ###.....##
#..###.##.......#


You could see Terence (inner flame) and an endoplasm (inner flame).

Vanquished Creatures
  3 endoplasms
  3 hobgoblins
  A quokka (D:1)
  2 ball pythons (D:1)
  3 bats (D:1)
  2 frilled lizards (D:1)
  4 goblins (D:1)
  4 kobolds
  8 rats (D:1)
30 creatures vanquished.

Notes
Turn   | Place    | Note
-------+----------+-------------------------------------------
     0 | D:1      | Bnni the Formicid Earth Elementalist began the quest for
                  | the Orb.
     0 | D:1      | Reached XP level 1. HP: 13/13 MP: 3/3
   330 | D:1      | Reached XP level 2. HP: 20/20 MP: 3/5
   398 | D:1      | Reached skill level 4 in Earth Magic
   545 | D:1      | Reached skill level 1 in Fighting
   689 | D:1      | Reached XP level 3. HP: 26/26 MP: 4/6
  1109 | D:2      | Noticed Terence
  1117 | D:2      | Slain by Terence

Illustrated notes

Levels and vault maps discovered:
D:1:      dpeg_arrival_ratfight, layout_basic
D:2:      layout_loops_cross, serial_shops, shop, minmay_split_cup_small,
          uniq_terence

Skill      XL: |  1  2  3 |
---------------+----------+-----
Earth Magic    | 4 |  4.1
Fighting       | 1 |  1.2
Transmutations | 2 |  2.0
Dodging        | |  1.7
Stealth        | |  2.4
Spellcasting   | |  2.4

Action                     || total
---------------------------++-------
  Melee: Dagger            ||     4
   Cast: Sandblast         ||    39
    Use: Scroll            ||     4
 Armour: Robe              ||     5
  Dodge: Dodged            ||    13
